 Dungeon Crawl Stone Soup version 0.29-a0-317-gd16b76e6b1 (webtiles) character file.

Game seed: 13944903846989921081

355 Dabor the Magician (level 6, -8/47 HPs)
             Began as a Demonspawn Transmuter on Apr 1, 2022.
             Mangled by Pikel
             ... wielding a +0 whip of flaming
              (12 damage)
             ... on level 4 of the Dungeon.
             The game lasted 00:04:23 (4301 turns).

Dabor the Magician (Demonspawn Transmuter)          Turns: 4301, Time: 00:04:23

Health: -8/47      AC:  5    Str: 12    XL:     6   Next: 36%
Magic:  11/11      EV: 13    Int: 15    God:
Gold:   92         SH:  0    Dex: 13    Spells: 8/12 levels left

rFire   . . .      SeeInvis .   o - +2 dagger (venom)
rCold   . . .      Faith    .   (no shield)
rNeg    . . .      Spirit   .   a - +0 robe
rPois   .          Reflect  .   f - +0 helmet
rElec   .          Harm     .   (no cloak)
rCorr   .          Rampage  .   z - +0 pair of gloves
Will    .....                   (no boots)
Stlth   +.........              s - amulet of magic regeneration
HPRegen 0.15/turn               m - ring of wizardry
MPRegen 0.52/turn               (no ring)

@: wereblooded
A: foul stench 1, sharp scales 1, demonic magic 1
a: no special abilities


You were on level 4 of the Dungeon.
You visited 1 branch of the dungeon, and saw 4 of its levels.

You collected 122 gold pieces.
You spent 30 gold pieces at shops.

Inventory:

Hand Weapons
 o - a +2 dagger of venom (weapon)
Missiles
 j - 6 boomerangs of dispersal
 u - 5 javelins
Armour
 a - a +0 robe (worn)
 f - a +0 helmet (worn)
 z - a +0 pair of gloves (worn)
Jewellery
 m - a ring of wizardry (left hand)
 s - an amulet of magic regeneration (around neck)
 t - a ring of positive energy
Scrolls
 c - a scroll of fog {unknown}
 g - 3 scrolls of identify {unknown}
 k - a scroll of teleportation
 l - a scroll of noise {unknown}
 p - a scroll of blinking {unknown}
 q - a scroll of enchant weapon {unknown}
 v - a scroll of vulnerability {unknown}
 w - a scroll of amnesia {unknown}
 y - a scroll of torment {unknown}
 A - a scroll of fear {unknown}
Potions
 b - 3 potions of lignification
 d - a potion of cancellation {unknown}
 e - a potion of resistance {unknown}
 h - 3 potions of mutation {unknown}
 i - a potion of ambrosia {unknown}
 n - 4 potions of curing
 r - a potion of degeneration {unknown}
 x - a potion of heal wounds {unknown}


   Skills:
 + Level 3.1 Fighting
 + Level 3.3 Dodging
 - Level 3.0 Unarmed Combat
 + Level 3.5 Spellcasting
 + Level 3.3 Transmutations


You had 8 spell levels left.
You knew the following spells:

 Your Spells              Type           Power      Damage    Failure   Level
a - Beastly Appendage     Tmut           24%        N/A       1%          1
b - Wereblood             Tmut           12%        N/A       3%          2
c - Summon Small Mammal   Summ           8%         N/A       8%          1

Your spell library contained the following spells:

 Spells                   Type           Power      Damage    Failure   Level
 Spider Form              Tmut/Pois      7%         N/A       12%         3
 Call Canine Familiar     Summ           2%         N/A       22%         3
 Ozocubu's Armour         Ice            2%         N/A       22%         3
 Portal Projectile        Hex/Tloc       4%         N/A       22%         3
 Summon Guardian Golem    Hex/Summ       2%         N/A       22%         3
 Ice Form                 Ice/Tmut       7%         N/A       34%         4
 Leda's Liquefaction      Hex/Erth       1%         N/A       56%         4
 Metabolic Englaciation   Hex/Ice        1%         N/A       88%         5
 Simulacrum               Ice/Necr       1%         N/A       100%        6


Dungeon Overview and Level Annotations

Branches:
Dungeon (4/15)
 Temple: D:4-7

Altars:
Dithmenos
Fedhas
Nemelex Xobeh
Vehumet

Shops:
D:2 (:*

Annotations:
D:4 Pikel


Innate Abilities, Weirdness & Mutations

You may rarely emit foul miasma when damaged in melee.
You are partially covered in razor-sharp scales. (AC +1, Slay +1)
Spells you cast may paralyse adjacent enemies.


Message History

You hit Pikel. You headbutt Pikel, but do no damage.
Pikel is moderately wounded.
Your rat bites the lemure.
Your rat bites Pikel but does no damage.
The helpless Pikel fails to defend himself.
You hit Pikel.
Pikel looks as sick as possible!
You headbutt Pikel.
Pikel is moderately wounded.
Pikel is no longer paralysed.
Pikel closely misses you. Pikel barely misses you.
Your rat closely misses Pikel.
Your rat bites the lemure.
You hit Pikel but do no damage. Your kick misses Pikel.
Pikel is moderately wounded.
Pikel hits you with a +0 whip of flaming.
Pikel burns you.
Your rat bites the lemure.
Your rat bites Pikel but does no damage.
You hit Pikel but do no damage. Your headbutt misses Pikel.
Pikel is heavily wounded.
The lemure is no longer paralysed.
Pikel closely misses you.
Your rat closely misses the lemure.
Your rat bites Pikel but does no damage.
Pikel hits you with a +0 whip of flaming!
Pikel burns you. The lemure hits you.
You closely miss Pikel. You claw Pikel, but do no damage.
Pikel is heavily wounded.
Pikel hits you with a +0 whip of flaming!
* * * LOW HITPOINT WARNING * * *
Pikel burns you.
* * * LOW HITPOINT WARNING * * *
Your rat closely misses the lemure.
Your rat bites Pikel but does no damage.
The lemure hits you.
* * * LOW HITPOINT WARNING * * *
You closely miss Pikel. You claw Pikel, but do no damage.
Your headbutt misses Pikel.
Pikel is heavily wounded.
Your horns disappear.
Your talons disappear.
Your +0 helmet unmelds from your body.
Pikel misses you.
Your rat closely misses the lemure.
Your rat bites Pikel.
Pikel hits you with a +0 whip of flaming!
You die...

####### ....... .....
.55 ###K######
##.r5@.#..##
.......r.....#
$............#
..#..##.##.### #
########.###..##......
#).....#...........
##......#..........
#......###..##...# .
####...###..##...##.


You could see Pikel (berserk, very poisoned, ally target), 3 lemures and 2
friendly rats.

Vanquished Creatures
  An ogre (D:4)
  A black bear (D:4)
  3 iguanas (D:4)
  2 adders
  An ufetubus (D:4)
  5 dart slugs
  An orc (D:3)
  4 ball pythons
  2 bats
  4 endoplasms
  A giant cockroach (D:4)
  6 goblins
  8 hobgoblins
  4 jackals (D:2)
  7 kobolds
  5 quokkas
  2 rats
57 creatures vanquished.

Notes
Turn   | Place    | Note
-------+----------+-------------------------------------------
     0 | D:1      | Dabor the Demonspawn Transmuter began the quest for the
                  | Orb.
     0 | D:1      | Reached XP level 1. HP: 15/15 MP: 3/3
   459 | D:1      | Gained mutation: You are partially covered in razor-sharp
                  | scales. (AC +1, Slay +1) [demonic ancestry]
   459 | D:1      | Reached XP level 2. HP: 20/21 MP: 3/5
   516 | D:1      | Learned a level 2 spell: Wereblood
  1467 | D:2      | Found Ceici Powkay's Antique Weapon Shoppe.
  1587 | D:2      | Found a sparkling altar of Nemelex Xobeh.
  1595 | D:2      | Found Aggiadow's Book Boutique.
  1624 | D:2      | Gained mutation: Spells you cast may paralyse adjacent
                  | enemies. [demonic ancestry]
  1624 | D:2      | Reached XP level 3. HP: 26/26 MP: 2/6
  2219 | D:2      | Found Qikhlah's General Store.
  2223 | D:2      | Bought a potion of curing for 30 gold pieces
  2420 | D:3      | Found a blossoming altar of Fedhas.
  2445 | D:3      | Learned a level 1 spell: Summon Small Mammal
  2622 | D:3      | Gained mutation: You may rarely emit foul miasma when
                  | damaged in melee. [demonic ancestry]
  2622 | D:3      | Reached XP level 4. HP: 32/33 MP: 7/7
  2638 | D:3      | Found a radiant altar of Vehumet.
  2968 | D:3      | Found a shadowy altar of Dithmenos.
  3473 | D:4      | Reached XP level 5. HP: 13/39 MP: 9/9
  3702 | D:4      | Noticed an ogre
  3710 | D:4      | Killed an ogre
  4001 | D:4      | Noticed a black bear
  4090 | D:4      | Noticed a +0 hand axe
  4091 | D:4      | Noticed a +0 dagger
  4109 | D:4      | Reached XP level 6. HP: 42/46 MP: 10/10
  4288 | D:4      | Noticed Pikel
  4301 | D:4      | Mangled by Pikel

Illustrated notes

Levels and vault maps discovered:
D:1:      saegor_arrival_simple_d, layout_loops_ring, nrook_uturn
D:2:      layout_loops_cross, basic_altar, serial_shops,
          nicolae_shop_advertising_works [nicolae_subvault_shop_adworks],
          nicolae_square_shop, nicolae_shop_crystal
D:3:      layout_basic, old_standard_altar, mainiacjoe_overflow_catwalk,
          nicolae_dithmenos_the_darkroom
D:4:      layout_gridville, dancing_weapons_uskayaw, temple_green,
          kennysheep_generic_room_6, uniq_pikel

Skill      XL: |  1  2  3  4  5  6 |
---------------+-------------------+-----
Dodging        | 2 3 |  3.3
Transmutations | 2 3 |  3.3
Unarmed Combat | 3 |  3.0
Fighting       | 2 3 |  3.1
Spellcasting   | 3 |  3.5

Action                   |  1- 3 |  4- 6 || total
-------------------------+-------+-------++-------
Melee: Unarmed           |    72 |       ||    72
       Kick              |    13 |    19 ||    32
       Headbutt          |     4 |     7 ||    11
       Punch             |     1 |     3 ||     4
       Dagger            |    28 |    68 ||    96
 Cast: Beastly Appendage |    23 |     9 ||    32
       Wereblood         |     2 |     8 ||    10
       Summon Small Mamm |     2 |     6 ||     8
  Use: Scroll            |     1 |       ||     1
 Stab: Sleeping          |     2 |       ||     2
       Distracted        |     1 |       ||     1
       Paralysed         |     2 |     8 ||    10
Armor: Robe              |    24 |    11 ||    35
Dodge: Dodged            |    51 |    47 ||    98

Table legend: (Time is in decaauts)
 A = Elapsed time spent in this place.
 B = Non-inter-level travel time spent in this place.
 C = Inter-level travel time spent in this place.
 D = Time resting spent in this place.
 E = Time spent auto-exploring this place.
 F = Levels seen in this place.
 G = Mean time per level.
                   A        B        C        D        E       F      G
               +--------+--------+--------+--------+--------+-----+--------+
         Total |   4295 |   4175 |    120 |    762 |   2887 |   4 | 1073.8 |
       Dungeon |   4295 |   4175 |    120 |    762 |   2887 |   4 | 1073.8 |
               +--------+--------+--------+--------+--------+-----+--------+

Top non-repeatable levels by time:
     D:1: 1463 daAuts
     D:4: 993 daAuts
     D:3: 933 daAuts
     D:2: 904 daAuts
